Description

This is my favorite build for Stukov, early Civilian Compound upgrade steam roll fast then add the Bunkers and it's an easy win. Call downs should as always be used asap and make sure to watch the mini-map to change the Psi-Emitter to the right location.

VOD

https://youtu.be/6DojWFj2rMU

Replay - Best Build Order Stukov Easy Expo

Build Order

Get SALT Encoding   

  12  0:03  Infested SCV  
  13  0:14  Infested SCV x2  
  13  0:19  Infested Colonist Compound  
  15  1:03  Infested Command Center  
  15  1:14  Overlord  
  15  1:29  Infested Barracks  
  15  1:42  Infested SCV x2  
  17  1:54  Infested SCV x2  
  19  2:30  Infested Marine x2  
  19  2:37  Infestation Level 1  
  21  2:44  Infested SCV x2  
  23  2:54  Infested Refinery  
  23  3:10  Infested SCV  
  23  3:15  Infested Refinery  
  25  3:39  Infested Command Center  
  34  4:35  Overlord x2  
  34  4:37  Anaerobic Enhancement  
  36  4:40  Infested Barracks Tech Lab  
  36  4:46  Infested Engineering Bay  
  36  5:07  Infested Bunker  
  40  5:22  Infested Bunker  
  44  5:44  Infestation Level 2  
  50  6:20  Overlord  
  50  6:35  Infested Factory  
  50  6:47  Infested Refinery  
  56  7:09  Infested Bunker x3, Infested Refinery  
  61  7:20  Overlord  
  61  7:33  Infested Bunker  
  62  7:40  Infested Armory  
  62  7:44  Broodling Gestation  
  63  7:58  Regenerative Plating  
  67  8:09  Infested Missile Turret  
  67  8:22  Retinal Augmentation  
  67  8:25  Infested Factory Tech Lab  
  67  8:50  Stukov Vehicle and Ship Weapons Level 1  
  68  9:02  Aggressive Incubation  
  68  9:09  Calcified Armor  
  69  9:11  Infested Starport  
  69  9:14  Infestation Level 3  
  72  9:41  Infested Engineering Bay  
  72  9:53  Infested Bunker  
Spawning Tool Build Advisor. Get it on Overwolf

Go to:

Details

  • Created by: hunter      
  • Published on: Jun 12, 2018
  • Patch: 4.0.0
  • Difficulty: Easy
Show
View Real Time Build Order
Export as new Build Order

Comments (0)

There are no comments. Be the first!

Create an account to comment!